 Dungeon Crawl Stone Soup version 0.31.0-12-g77e489cdc1 (webtiles) character file.

Game seed: 10916985319494949075

392 Gadfly the Trooper (level 6, -1/62 HPs)
             Began as an Oni Gladiator on Feb 15, 2024.
             Killed by nerve-wracking pain
             ... invoked by Menkaure
              (5 damage)
             ... on level 4 of the Dungeon.
             The game lasted 00:05:33 (2708 turns).

Gadfly the Trooper (Oni Gladiator)                  Turns: 2708, Time: 00:05:33

Health: -1/62      AC:  5    Str: 19 (21) XL:     6   Next: 80%
Magic:  8/8        EV: 10    Int:  8 (9)  God:
Gold:   166        SH:  0    Dex:  7 (10) Spells: 5/5 levels left

rFire   . . .        a - +0 flail (heavy)
rCold   . . .        (no shield)
rNeg    . . .        h - +0 robe
rPois   .            c - +1 hat
rElec   .            n - +0 cloak
rCorr   .            (gloves unavailable)
SInv    .            (boots unavailable)
Will    .....        (no amulet)
Stlth   +            (no ring)
HPRegen 0.30/turn    (no ring)
MPRegen 0.11/turn

%: no passive effects
@: invisible
A: large, unfitting armour, horns 1, tough skin 1, double potion healing,
drunken brawling
a: no special abilities


You were on level 4 of the Dungeon.
You visited 1 branch of the dungeon, and saw 4 of its levels.

You collected 166 gold pieces.

Inventory:

Hand Weapons
 a - a +0 heavy flail (weapon)
 b - a +2 dagger of venom
Missiles
 d - 3 throwing nets
 e - a large rock
 l - 6 poisoned darts (quivered)
Armour
 c - a +1 hat (worn)
 h - a +0 robe (worn)
 n - a +0 cloak (worn)
Scrolls
 g - a scroll of teleportation
 k - a scroll of butterflies {unknown}
Potions
 f - a potion of might
 i - 2 potions of mutation
 o - a potion of cancellation {unknown}


   Skills:
 - Level 4.3 Fighting
 + Level 4.2 Maces & Flails
 + Level 3.5 Throwing
 + Level 3.9 Dodging
 * Level 3.7 Invocations


You had 5 spell levels left.
You didn't know any spells.
Your spell library contained the following spells:

 Spells                   Type           Power      Damage    Failure   Level
 Olgreb's Toxic Radiance  Alch           0%         N/A       99%         4
 Ozocubu's Refrigeration  Ice            0%         4d7       100%        7
 Discord                  Hex            0%         N/A       100%        8


Dungeon Overview and Level Annotations

Branches:
Dungeon (4/15)
 Temple: D:4-7

Altars:
Yredelemnul

Shops:
D:3 [

Annotations:
D:3 1 runed translucent door
D:4 Edmund, Menkaure


Innate Abilities, Weirdness & Mutations

You are too large for most types of armour.
You have a pair of small horns on your head.
You have tough skin. (AC +1)
You gain doubled healing and magic from potions.
Whenever you drink a healing potion, you attack all around you.


Message History

Unknown command.
You are too injured to fight recklessly!
You thump Edmund!
Edmund is severely wounded.
Edmund misses you.
Edmund hits you with a +2 dire flail of holy wrath.
You closely miss Edmund. You headbutt Edmund.
Edmund is severely wounded.
Edmund hits you with a +2 dire flail of holy wrath!
* * * LOW HITPOINT WARNING * * *
Edmund hits you with a +2 dire flail of holy wrath.
* * * LOW HITPOINT WARNING * * *
You hit Edmund but do no damage.
Edmund is severely wounded.
Edmund closely misses you.
Unknown command.
You take a swig of the potion and twirl your +0 heavy flail.
You closely miss Edmund. You headbutt Edmund, but do no damage.
Edmund is severely wounded.
You savour every drop.
You feel better. Edmund closely misses you.
You sock Edmund! Your headbutt misses Edmund.
Edmund is almost dead.
Edmund barely misses you.
Edmund hits you with a +2 dire flail of holy wrath!
* * * LOW HITPOINT WARNING * * *
You closely miss Edmund.
Edmund is almost dead.
Edmund hits you with a +2 dire flail of holy wrath.
* * * LOW HITPOINT WARNING * * *
Edmund barely misses you.
You fade into invisibility!
Edmund hits you with a +2 dire flail of holy wrath.
* * * LOW HITPOINT WARNING * * *
A ball python comes into view.
The ball python hisses angrily.
Menkaure, Prince of Dust comes into view.
Menkaure shouts!
Menkaure gestures at you while chanting.
Pain shoots through your body!
You die...

.....#...'......#
.....#...#......#.......
.....###.####...#.......
#......#.########M......
#......#....# .......
#......#....# .......
#......#....# .......
#......##'#######.......
######.........@@......#
#.................#
#.................#
#.................#
######.................#
............#####.......
............# .......
............# .......
............#


You could see Edmund (unable to see you) and Menkaure.

Vanquished Creatures
  A phantom (D:4)
  Blork the orc (D:4)
  A scorpion (D:4)
  A jelly (D:4)
  2 orc wizards (D:4)
  6 adders
  A dart slug (D:2)
  A ribbon worm (D:3)
  5 orcs
  6 endoplasms
  3 giant cockroaches
  4 goblins
  4 hobgoblins
  A quokka (D:1)
  7 ball pythons
  4 bats
  5 frilled lizards
  A jackal zombie (D:3)
  5 kobolds
  3 rats
62 creatures vanquished.

Notes
Turn   | Place    | Note
-------+----------+-------------------------------------------
     0 | D:1      | Gadfly the Oni Gladiator began the quest for the Orb.
     0 | D:1      | Reached XP level 1. HP: 22/22 MP: 1/1
   196 | D:1      | Reached XP level 2. HP: 24/29 MP: 2/2
   529 | D:2      | Reached skill level 1 in Invocations
   659 | D:2      | Reached XP level 3. HP: 37/37 MP: 3/3
  1297 | D:3      | Reached XP level 4. HP: 36/45 MP: 5/5
  1471 | D:3      | Found Feobaeri's Armour Emporium.
  1524 | D:3      | Found a runed translucent door.
  1524 | D:3      | Noticed a human
  1527 | D:3      | Found a basalt altar of Yredelemnul.
  1998 | D:4      | Reached XP level 5. HP: 45/54 MP: 6/6
  2057 | D:4      | Noticed a phantom
  2065 | D:4      | Killed a phantom
  2105 | D:4      | Reached XP level 6. HP: 24/62 MP: 8/8
  2458 | D:4      | Noticed Blork the orc
  2468 | D:4      | HP: 3/62 [Blork the orc/+0 long sword (9)]
  2470 | D:4      | Killed Blork the orc
  2685 | D:4      | Noticed Edmund
  2692 | D:4      | HP: 3/62 [Edmund/+2 dire flail of holy wrath (6)]
  2697 | D:4      | HP: 1/62 [Edmund/+2 dire flail of holy wrath (6)]
  2708 | D:4      | Noticed Menkaure
  2708 | D:4      | Killed from afar by Menkaure

Illustrated notes

Levels and vault maps discovered:
D:1:      minmay_arrival_glassed_features, layout_rooms,
          kennysheep_decorative_pillar
D:2:      layout_rooms
D:3:      layout_loops_ring, dk_yredelemnul_ordeal, serial_shops, shop
D:4:      layout_gridville, lemuel_crystal_altar, uniq_menkaure, uniq_edmund,
          uniq_blork_the_orc

Skill      XL: |  1  2  3  4  5  6 |
---------------+-------------------+-----
Fighting       | 3 4 |  4.3
Invocations    | 1 2 3 |  3.7
Dodging        | 3 |  3.9
Throwing       | 3 |  3.5
Maces & Flails | 4 |  4.2

Action                     |  1- 3 |  4- 6 || total
---------------------------+-------+-------++-------
  Melee: Flail             |    86 |    90 ||   176
         Headbutt          |    10 |    19 ||    29
         Dagger            |    15 |       ||    15
    Use: Scroll            |     8 |     4 ||    12
         Potion            |       |     6 ||     6
   Stab: Sleeping          |     3 |       ||     3
 Armour: Robe              |    62 |   115 ||   177
  Dodge: Dodged            |    52 |    83 ||   135
